 Dungeon Crawl Stone Soup version 0.17.2-1-ge4368a0 (webtiles) character file.

4379 Goblin1989 the Cruncher (level 10, 0/83 HPs)
             Began as a Centaur Hunter on Oct 9, 2016.
             Was an Elder of Okawaru.
             Slain by an orc priest
             ... wielding a +0 falchion
              (8 damage)
             ... on level 8 of the Dungeon.
             The game lasted 00:37:12 (9304 turns).

Goblin1989 the Cruncher (Centaur Hunter)            Turns: 9304, Time: 00:37:12

Health: 0/83       AC: 10    Str: 14    XL:     10   Next: 13%
Magic:  10/10      EV:  8    Int: 10    God:    Okawaru [****..]
Gold:   450        SH:  0    Dex: 14    Spells: 1 memorised, 3 levels left

rFire  . . .     SeeInvis .     b - +2 quarterstaff (chaos)
rCold  . . .     Clarity  .     p - +0 scale mail
rNeg   . . .     SustAt   +     (shield currently unavailable)
rPois  .         Gourm    .     w - +1 helmet
rElec  .         Spirit   .     m - +0 cloak
rCorr  .         Warding  .     x - +0 pair of gloves
rMut   .         Stasis   .     (no barding)
MR     .....                    (no amulet)
Stlth  ..........               t - ring of sustain attributes
                                h - ring of wizardry

@: lethally poisoned (0 -> -1), very quick, not resistant to hostile
enchantments, extremely unstealthy
A: hooves 3, deformed body, speed 2, tough skin 3
a: Heroism, Renounce Religion


You were on level 8 of the Dungeon.
You worshipped Okawaru.
Okawaru was greatly pleased with you.
You were hungry.

You visited 1 branch of the dungeon, and saw 8 of its levels.

You collected 450 gold pieces.

Inventory:

Hand Weapons
 a - a +1 shortbow
 b - a +2 quarterstaff of chaos (weapon)
Missiles
 d - 77 arrows (quivered)
Armour
 m - a +0 cloak (worn)
 p - a +0 scale mail (worn)
 w - a +1 helmet (worn)
 x - a +0 pair of gloves (worn)
Jewellery
 h - a ring of wizardry (left hand)
 l - an uncursed ring of flight
 t - a ring of sustain attributes (right hand)
Wands
 o - a wand of magic darts (15)
 E - a wand of enslavement (11)
 F - a wand of random effects (34)
 I - a wand of polymorph (9)
Scrolls
 c - 2 scrolls of blinking {unknown}
 g - 11 scrolls of identify {unknown}
 i - 8 scrolls of teleportation {unknown}
 q - 6 scrolls of enchant armour {unknown}
 s - 2 scrolls of amnesia {unknown}
 v - 5 scrolls of remove curse {unknown}
 y - a scroll of enchant weapon {unknown}
 B - a scroll of fear {unknown}
 C - a scroll of noise {unknown}
 H - a scroll of magic mapping {unknown}
Potions
 j - 3 potions of curing {unknown}
 n - 4 potions of flight {unknown}
 r - 2 potions of brilliance {unknown}
 u - a potion of invisibility {unknown}
 z - a potion of lignification {unknown}
 A - a potion of heal wounds {unknown}
 K - a potion of degeneration {unknown}
Comestibles
 e - 8 bread rations
 f - 4 meat rations
 k - 4 slices of pizza
 D - a beef jerky
 J - a royal jelly


   Skills:
 + Level 6.0 Fighting
   Level 3.2(7.4) Maces & Flails
 * Level 10.4(10.6) Staves
 - Level 8.2 Bows
 + Level 1.8 Armour
 + Level 2.6 Dodging
 - Level 0.5 Stealth


You had 3 spell levels left.
You knew the following spells:

 Your Spells              Type           Power        Failure   Level  Hunger
H - Haste                 Chrm           #.......     100%        6    #######


Dungeon Overview and Level Annotations

Branches:
Dungeon (8/15)             Temple (0/1) D:6
   Lair: D:8-11

Altars:
Cheibriados
Gozag
Makhleb
Nemelex Xobeh
Okawaru
Vehumet
Yredelemnul
The Shining One

Shops:
D:5 (*


Innate Abilities, Weirdness & Mutations

You have hooves in place of feet.
Armour fits poorly on your strangely shaped body.
You cover ground very quickly.
You have extremely tough skin (AC +3).


Message History

You hit something. Your kick misses something.
You feel sick. Something bites you but does no damage.
You take 1 damage, and have 10/83 hp.
You thump something! You burn something. Okawaru accepts your kill.
Reactivating autopickup.
Your worker ant zombie appears out of thin air!
You feel a bit more experienced.
The orc priest hits your worker ant zombie with a falchion!
You swap places.
The orc priest hits you with a falchion.
* * * LOW HITPOINT WARNING * * *
Items here: $ ) ? [ †††† You take 2 damage, and have 8/83 hp.
You hit the orc priest but do no damage.
You feel sick.
You closely miss the orc priest. You kick the orc priest.
The orc priest is lightly wounded.
The orc priest hits you with a falchion!
You die...

ਜ..((...(())..ਜ ਜ..ਜ
...ਜਜਜ...ਜਜਜਜ.ਜਜਜ[.ਜ
...ਜ ਜਜ.ਜਜ ਜ......ਜ
...ਜ ਜ.ਜ ਜਜਜਜਜ..ਜ ਜ.ਜਜ
ਜ.ਜ ਜ.>ਜਜਜਜਜਜ.ਜਜਜਜ ਜ.ਜ
ਜ.ਜ ਜ......)oo.... ਜ.ਜ
ਜ.ਜ ਜ....(Y).5..ਜ. ..ਜ
ਜ.ਜਜਜਜਜਜਜਜਜਜ.ਜਜਜਜਜਜa..ਜ
.(ਜ ਜ.?......Z@o.ਜ .ਜ..
..ਜ ਜ.ਜਜਜਜਜਜਜਜਜਜਜਜ ...
..ਜ .. .ਜਜ . ਜਜ ਜ


You could see an orc priest and a friendly worker ant zombie.

Vanquished Creatures
  A spriggan (D:7)
  2 wyverns
  5 yaks (D:8)
  Menkaure (D:7)
  An ice beast (D:5)
  2 orc warriors (D:6)
  A black bear (D:6)
  5 ogres
  A tengu (D:8)
  2 big kobolds
  3 giant frogs
  2 killer bees (D:7)
  2 scorpions (D:7)
  6 wights
  A water moccasin skeleton (D:6)
  6 hounds
  A centaur skeleton (D:6)
  4 crimson imps
  2 giant frog zombies
  3 jellies
  Crazy Yiuf (D:5)
  2 orc priests
  2 giant frog skeletons
  5 orc wizards
  6 worker ants
  2 iguanas
  A killer bee zombie (D:6)
  A hound zombie (D:3)
  A worker ant zombie (D:8)
  9 adders
  3 gnolls (D:2)
  2 shadow imps (D:6)
  3 oozes
  4 worms
  10 giant geckos
  16 orcs
  2 ball pythons
  8 giant cockroaches
  4 goblins
  6 hobgoblins
  14 jackals
  17 kobolds
  6 bats
  6 giant newts
  A jackal zombie (D:6)
  3 quokkas
  4 quokka skeletons
  A quokka zombie (D:5)
  11 rats
202 creatures vanquished.

Vanquished Creatures (others)
  A killer bee (D:7)
1 creature vanquished.

Grand Total: 203 creatures vanquished

Notes
Turn   | Place    | Note
--------------------------------------------------------------
     0 | D:1      | Goblin1989 the Centaur Hunter began the quest for the Orb.
     0 | D:1      | Reached XP level 1. HP: 17/17 MP: 1/1
    58 | D:1      | Reached XP level 2. HP: 25/25 MP: 2/2
   736 | D:2      | Reached XP level 3. HP: 31/31 MP: 3/3
   775 | D:2      | Found a basalt altar of Yredelemnul.
   971 | D:2      | Found a glowing golden altar of the Shining One.
  1002 | D:2      | Found an iron altar of Okawaru.
  1041 | D:2      | Became a worshipper of Warmaster Okawaru
  1285 | D:2      | Found a snail-covered altar of Cheibriados.
  1595 | D:2      | Reached XP level 4. HP: 27/40 MP: 4/4
  1664 | D:2      | Reached skill level 6 in Bows
  2281 | D:3      | Found an opulent altar of Gozag.
  2498 | D:3      | Found a burning altar of Makhleb.
  2548 | D:3      | Reached XP level 5. HP: 33/46 MP: 5/5
  2566 | D:3      | Reached skill level 7 in Bows
  2768 | D:3      | Found a sparkling altar of Nemelex Xobeh.
  2822 | D:3      | Noticed an ogre
  2855 | D:3      | Killed an ogre
  2855 | D:3      | Reached * piety under Okawaru
  2855 | D:3      | Reached skill level 8 in Bows
  3119 | D:4      | Reached XP level 6. HP: 31/52 MP: 6/6
  3324 | D:4      | Noticed an ogre
  3407 | D:4      | Killed an ogre
  3407 | D:4      | Reached skill level 5 in Fighting
  4224 | D:5      | Entered Level 5 of the Dungeon
  4287 | D:5      | Reached skill level 1 in Maces & Flails
  4418 | D:5      | Found Ruischuwe's Elemental Accessories.
  4616 | D:5      | Reached XP level 7. HP: 28/61 MP: 7/7
  4968 | D:5      | Noticed Crazy Yiuf
  4975 | D:5      | Killed Crazy Yiuf
  5035 | D:5      | Reached ** piety under Okawaru
  5076 | D:5      | Found a radiant altar of Vehumet.
  5334 | D:5      | Reached XP level 8. HP: 50/68 MP: 6/8
  5375 | D:5      | Found Hasmipui's Antique Weapon Shop.
  5786 | D:6      | Reached skill level 5 in Staves
  6075 | D:6      | Found a staircase to the Ecumenical Temple.
  6715 | D:6      | Reached *** piety under Okawaru
  7148 | D:7      | Reached XP level 9. HP: 16/74 MP: 6/9
  7885 | D:7      | Reached skill level 9 in Staves
  8330 | D:7      | Noticed Menkaure
  8345 | D:7      | Killed Menkaure
  8377 | D:7      | Learned a level 6 spell: Haste
  9031 | D:8      | Reached **** piety under Okawaru
  9031 | D:8      | Reached skill level 10 in Staves
  9031 | D:8      | Reached skill level 1 in Armour
  9268 | D:8      | Received a gift from Okawaru
  9276 | D:8      | Reached XP level 10. HP: 32/83 MP: 10/10
  9304 | D:8      | Slain by an orc priest

Action                   |  1- 3 |  4- 6 |  7- 9 | 10-12 || total
-------------------------+-------+-------+-------+-------++-------
Melee: Whip              |    31 |   299 |    25 |       ||   355
       Quarterstaff      |       |       |   343 |    27 ||   370
 Fire: Shortbow          |    74 |    40 |    49 |       ||   163
Invok: Heroism           |       |       |     6 |       ||     6
 Stab: Paralysed         |       |       |     4 |       ||     4
       Petrifying        |       |       |     1 |       ||     1
       Confused          |       |       |     2 |       ||     2
  Eat: Chunk             |     1 |     8 |     7 |       ||    16
       Bread ration      |       |       |     1 |       ||     1
       Beef jerky        |       |       |     1 |       ||     1

Vault maps used:
D:1:      lemuel_arrival_tunnels
D:2:      tso_oasis_becter, kennysheep_okawaru_gauntlet, old_standard_altar,
          old_standard_altar, kennysheep_generic_room_16
D:3:      lemuel_coloured_pillars_altar, overflow_temple_1_default,
          nicolae_overflow_crystal_walls
D:4:      kennysheep_potato
D:5:      marbit_many_paths, first_bread, serial_shops, shop,
          nicolae_elemental_shop, uniq_crazy_yiuf_cottage
D:6:      kennysheep_six_static_rooms, minmay_temple_entry_large_hall
D:7:      the_bakery, uniq_menkaure
D:8:      lemuel_doored_altar, kb_lookout_dungeons_type
